 Dungeon Crawl Stone Soup version 0.28-a0-1159-g27aa881441 (webtiles) character file.

Game seed: 1847391567670545794

79 Ijustatesigmund the Chopper (level 4, -4/41 HPs)
             Began as a Hill Orc Fighter on Dec 15, 2021.
             Slain by a gnoll (11 damage)
             ... on level 3 of the Dungeon.
             The game lasted 00:02:19 (1798 turns).

Ijustatesigmund the Chopper (Hill Orc Fighter)      Turns: 1798, Time: 00:02:19

Health: -4/41      AC:  6    Str: 18    XL:     4   Next: 38%
Magic:  4/4        EV:  9    Int: 10    God:
Gold:   76         SH:  4    Dex: 10    Spells: 3/3 levels left

rFire   . . .      SeeInvis .   a - +0 war axe
rCold   . . .      Faith    .   c - +0 buckler
rNeg    . . .      Spirit   .   b - +0 scale mail
rPois   .          Reflect  .   (no helmet)
rElec   .          Harm     .   (no cloak)
rCorr   .          Rampage  .   (no gloves)
Will    .....                   (no boots)
Stlth   ..........              (no amulet)
HPRegen 0.13/turn               (no ring)
MPRegen 0.09/turn               (no ring)

@: no status effects
A: no striking features
a: no special abilities


You were on level 3 of the Dungeon.
You visited 1 branch of the dungeon, and saw 3 of its levels.

You collected 76 gold pieces.

Inventory:

Hand Weapons
 a - a +0 war axe (weapon)
Armour
 b - a +0 scale mail (worn)
 c - a +0 buckler (worn)
Wands
 j - a wand of flame (17)
Scrolls
 e - a scroll of identify
Potions
 d - a potion of might
 g - 2 potions of mutation {unknown}
 h - 2 potions of haste {unknown}
 l - a potion of attraction {unknown}
 m - a potion of curing {unknown}


   Skills:
 + Level 4.4 Fighting
 * Level 5.1 Axes
 - Level 3.2 Armour
 + Level 0.3 Dodging
 - Level 3.2 Shields


You had 3 spell levels left.
You didn't know any spells.
Your spell library contained the following spells:

 Spells                   Type           Power      Damage    Failure   Level
 Beastly Appendage        Tmut           0%         N/A       78%         1
 Wereblood                Tmut           0%         N/A       89%         2
 Spider Form              Tmut/Pois      0%         N/A       98%         3


Dungeon Overview and Level Annotations

Branches:
Dungeon (3/15)

Altars:


Message History

You slash the gnoll!
The gnoll is almost dead.
The gnoll hits you with a +0 whip.
The gnoll hits you from afar with a +0 halberd.
The gnoll barely misses you.
You slash the gnoll!
You kill the gnoll!
You block the gnoll's attack.
Your Axes skill increases to level 5!
You hit the gnoll but do no damage.
The gnoll hits you from afar with a +0 halberd!
The gnoll hits you with a +0 club.
You are too injured to fight recklessly!
You are too injured to fight recklessly!
You are too injured to fight recklessly!
You are too injured to fight recklessly!
You are too injured to fight recklessly!
You are too injured to fight recklessly!
You are too injured to fight recklessly!
You are too injured to fight recklessly!
You are too injured to fight recklessly!
You are too injured to fight recklessly!
You are too injured to fight recklessly!
You are too injured to fight recklessly!
You are too injured to fight recklessly!
You are too injured to fight recklessly!
You are too injured to fight recklessly!
You are too injured to fight recklessly!
You are too injured to fight recklessly!
You barely miss the gnoll. The gnoll barely misses you. x2
You block the gnoll's attack.
You barely miss the gnoll. You block the gnoll's attack.
The gnoll hits you from afar with a +0 halberd!
* * * LOW HITPOINT WARNING * * *
The gnoll hits you with a +0 club.
* * * LOW HITPOINT WARNING * * *
You hit the gnoll.
The gnoll is lightly wounded.
The gnoll hits you from afar with a +0 halberd!
You die...

# # # # # #
# .# # ..# #
######g..###
#...@g......
#.####...###
#.# ?.#
#####.# .#
#.....# #
#.##### #.#
#########.#
.......##.#


You could see 2 gnolls.

Vanquished Creatures
  2 gnolls (D:3)
  A worm (D:2)
  3 dart slugs (D:1)
  3 ball pythons
  2 bats (D:1)
  7 endoplasms
  3 giant cockroaches
  6 hobgoblins
  5 kobolds
  2 quokkas (D:1)
  2 frilled lizards
  6 goblins
  2 rats (D:1)
44 creatures vanquished.

Notes
Turn   | Place    | Note
-------+----------+-------------------------------------------
     0 | D:1      | Ijustatesigmund the Hill Orc Fighter began the quest for
                  | the Orb.
     0 | D:1      | Reached XP level 1. HP: 19/19 MP: 1/1
    92 | D:1      | Reached skill level 3 in Axes
    98 | D:1      | Reached XP level 2. HP: 27/27 MP: 2/2
   420 | D:1      | Found a faded altar of an unknown god.
   631 | D:1      | Reached XP level 3. HP: 33/33 MP: 3/3
   829 | D:1      | Reached skill level 4 in Axes
  1607 | D:3      | Reached XP level 4. HP: 39/41 MP: 4/4
  1795 | D:3      | Reached skill level 5 in Axes
  1798 | D:3      | Slain by a gnoll

Illustrated notes

Levels and vault maps discovered:
D:1:      lemuel_arrival_cross, layout_loops_ring,
          dreamdust_ecumenical_altar_statues
D:2:      layout_rooms, dk_vineyard_1, hangedman_abyss_or_decor_lesser_grid,
          grunt_ministairs_4
D:3:      layout_basic, mainiacjoe_overflow_divided_tiny,
          nicolae_elevator_lobby_asterisk

Skill      XL: |  1  2  3  4 |
---------------+-------------+-----
Axes           | 3 4 5 |  5.1
Fighting       | 4 |  4.4
Armour         | |  3.2
Dodging        | |  0.3
Shields        | |  3.2

Action                   |  1- 3 |  4- 6 || total
-------------------------+-------+-------++-------
Melee: War axe           |   110 |    17 ||   127
  Use: Scroll            |     3 |       ||     3
Armor: Scale mail        |    59 |     3 ||    62
Dodge: Dodged            |    43 |    12 ||    55
Block: Buckler           |    19 |     5 ||    24

Table legend: (Time is in decaauts)
 A = Elapsed time spent in this place.
 B = Non-inter-level travel time spent in this place.
 C = Inter-level travel time spent in this place.
 D = Time resting spent in this place.
 E = Time spent auto-exploring this place.
 F = Levels seen in this place.
 G = Mean time per level.
                   A        B        C        D        E       F      G
               +--------+--------+--------+--------+--------+-----+--------+
         Total |   1839 |   1810 |     29 |     53 |   1434 |   3 |  613.0 |
       Dungeon |   1839 |   1810 |     29 |     53 |   1434 |   3 |  613.0 |
               +--------+--------+--------+--------+--------+-----+--------+

Top non-repeatable levels by time:
     D:1: 997 daAuts
     D:2: 616 daAuts
     D:3: 225 daAuts
